Map: Dusty Gorge

Players

Adversity - Winner!

  • Race: Terran Terran
  • Spawn Location: 3:00

Daeron - Winner!

  • Race: Zerg Zerg
  • Spawn Location: 5:00

VitaminFifty

  • Race: Terran Terran
  • League: Master
  • Spawn Location: 11:00

Instinct

  • Race: Terran Terran
  • League: Master
  • Spawn Location: 9:00

VOD

Have the link to the VOD?

Description

Time

  • Played on: Sept. 5, 2018, 4:54 p.m.
  • Length: 4:46
Show
View Real Time Build Order
Export as new Build Order

Adversity Terran - Winner!

Build Orders:  

Get SALT Encoding   

  12  0:04  SCV  
  13  0:16  SCV  
  14  0:22  Supply Depot  
  14  0:45  Barracks  
  14  0:47  Barracks  
  14  0:48  Barracks  
  14  0:50  Barracks  
  14  0:56  Barracks  
  14  1:04  Barracks  
  14  1:10  Refinery  
  14  1:13  SCV  
  15  1:28  Refinery  
  15  1:37  Reaper x3  
  15  1:38  Reaper  
  19  1:45  Reaper  
  20  1:50  Orbital Command  
  20  1:52  Reaper  
  21  2:00  Supply Depot  
  21  2:11  Reaper x2  
  23  2:22  Reaper x3  
  26  2:25  Reaper  
  25  2:43  Reaper  
  26  2:45  Reaper  
  26  2:50  Supply Depot  
  28  2:54  Reaper  
  28  2:55  Reaper x2  
  31  3:02  Reaper  
  31  3:11  SCV  
  32  3:15  Reaper  
  32  3:17  Reaper  
  34  3:26  Reaper  
  35  3:27  Reaper  
  35  3:28  Reaper  
  34  3:48  SCV  
  34  3:50  Command Center  
  35  3:59  Engineering Bay, Barracks Tech Lab  
  35  4:00  SCV  
  34  4:03  Marine x3  
  23  4:21  Marine x2  
  23  4:22  Marine x4  
  22  4:25  Factory, SCV  
Show
View Real Time Build Order
Export as new Build Order

Daeron Zerg - Winner!

Build Orders:  

Get SALT Encoding   

  12  0:01  Drone  
  13  0:09  Drone  
  14  0:25  Extractor  
  14  0:26  Extractor  
  12  0:37  Drone x2  
  14  2:01  Overlord  
  14  2:25  Drone  
  15  2:51  Drone  
  15  2:52  Drone x2  
  18  3:11  Drone  
  20  3:55  Drone  
  20  3:56  Drone x2  
Show
View Real Time Build Order
Export as new Build Order

VitaminFifty Terran 

Build Orders: 1/1/1, Liberator Opening 

Get SALT Encoding   

  12  0:01  SCV  
  13  0:13  SCV  
  14  0:18  Supply Depot  
  14  0:25  SCV  
  15  0:29  Refinery  
  15  0:39  SCV  
  16  0:47  Barracks  
  16  0:52  SCV  
  17  1:03  Refinery  
  17  1:04  SCV  
  18  1:16  SCV  
  19  1:28  SCV  
  20  1:36  Factory  
  20  1:39  Reaper  
  21  1:40  Orbital Command  
  21  1:49  Supply Depot  
  21  2:08  SCV  
  22  2:12  Barracks Reactor  
  22  2:20  SCV  
  22  2:22  Starport  
  23  2:24  Hellion  
  25  2:31  Supply Depot  
  24  2:40  SCV  
  24  2:42  Liberator  
  25  2:45  Hellion  
  25  2:49  Reaper x2  
  29  2:53  Supply Depot  
  32  3:10  SCV  
  33  3:25  Liberator  
  33  3:28  Hellion x2  
  33  3:31  SCV  
  32  3:43  Supply Depot  
  35  3:49  Hellion x2  
  35  3:55  Reaper  
  33  4:10  Hellion x2  
  18  4:34  SCV  
Show
View Real Time Build Order
Export as new Build Order

Instinct Terran 

Build Orders:  

Get SALT Encoding   

  12  0:01  SCV  
  13  0:13  SCV  
  14  0:18  Supply Depot  
  14  0:25  SCV  
  15  0:39  SCV  
  15  0:40  Barracks  
  16  0:47  Refinery  
  16  0:52  SCV  
  17  1:00  Barracks  
  17  1:07  SCV  
  18  1:17  Barracks  
  18  1:25  Refinery  
  18  1:30  Reaper  
  19  1:33  SCV  
  20  1:51  Reaper  
  21  1:55  Supply Depot  
  21  2:02  Reaper  
  21  2:07  Orbital Command  
  22  2:11  Reaper  
  23  2:26  Reaper  
  24  2:34  Reaper  
  24  2:43  Reaper  
  22  2:48  SCV  
  21  2:58  Reaper  
  22  3:00  SCV  
  23  3:06  Reaper  
  24  3:14  Supply Depot  
  23  3:26  Reaper  
  18  3:37  Reaper  
  2  4:22  SCV  
Tags
 
Add a new tag
Caveats
  • Supply blocks, unpowered buildings, or Contaminate may cause inaccurate times.
  • Supply counts are checked every 10 seconds.